 Dungeon Crawl Stone Soup version 0.27-a0-1442-g87b6fcb595 (webtiles) character file.

Game seed: 10903457819181065303

924 quinnr the Zephyrmancer (level 8, -4/61 HPs)
             Began as a Tengu Air Elementalist on July 4, 2021.
             Was a Follower of Vehumet.
             Slain by ptrx2's ghost (14 damage)
             ... on level 5 of the Dungeon.
             The game lasted 00:16:30 (7762 turns).

quinnr the Zephyrmancer (Tengu Air Elementalist)    Turns: 7762, Time: 00:16:31

Health: -4/61      AC: 24    Str: 10    XL:     8   Next: 10%
Magic:  1/15       EV:  2    Int: 23    God:    Vehumet [*.....]
Gold:   223        SH:  0    Dex: 14    Spells: 1/15 levels left

rFire    . . .     SeeInvis .   h - +1 falchion (vorpal)
rCold    + . .     Faith    .   (no shield)
rNeg     + + +     Spirit   .   (armour currently unavailable)
rPois    +         Reflect  .   (helmet currently unavailable)
rElec    .         Harm     .   (cloak currently unavailable)
rCorr    .         Rampage  .   (gloves currently unavailable)
Will     .....     NoTele   +   (boots unavailable)
Stlth    ++........             (no amulet)
HPRegen  0.20/turn              e - +6 ring of intelligence
MPRegen  0.14/turn              f - ring of protection from cold

@: lethally poisoned (-4 -> -11), sluggish, tree-form, very slow
A: stationary, stasis, torment immunity, boosted hp, (beak), (talons 3), nimble
flight
a: Renounce Religion


You were on level 5 of the Dungeon.
You worshipped Vehumet.
Vehumet was aware of your devotion.
You were a tree.
You visited 1 branch of the dungeon, and saw 6 of its levels.

You collected 265 gold pieces.
You spent 42 gold pieces at shops.

Inventory:

Hand Weapons
 h - a +1 vorpal falchion (weapon)
Missiles
 p - 11 atropa-tipped darts
Armour
 a - a +0 robe (melded)
Jewellery
 d - a ring of flight
 e - a +6 ring of intelligence (left branch)
 f - a ring of protection from cold (right branch)
 r - a +4 ring of slaying
Wands
 b - a wand of flame (12)
Scrolls
 g - a scroll of fear {unknown}
 i - 2 scrolls of teleportation
 m - 2 scrolls of enchant armour {unknown}
 q - a scroll of enchant weapon {unknown}
 s - a scroll of noise {unknown}
 t - a scroll of silence {unknown}
Potions
 j - a potion of invisibility
 l - a potion of ambrosia
 n - a potion of degeneration
 o - a potion of mutation


   Skills:
 - Level 2.1 Dodging
 - Level 2.0 Stealth
 - Level 4.0 Spellcasting
 + Level 1.5 Conjurations
 * Level 11.1 Air Magic


You had one spell level left.
You knew the following spells:

 Your Spells              Type           Power      Damage    Failure   Level
a - Shock                 Conj/Air       100%       1d9       1%          1
b - Airstrike             Air            27%        N/A       1%          4
c - Conjure Ball Lightni  Conj/Air       16%        3x3d6     75%         6
d - Swiftness             Air            54%        N/A       1%          3

Your spell library contained the following spells:

 Spells                   Type           Power      Damage    Failure   Level
 Sandblast                Erth           8%         2d5       11%         1
 Static Discharge         Conj/Air       33%        N/A       1%          2
 Discord                  Hex            2%         N/A       100%        8
 Disjunction              Tloc           2%         N/A       100%        8


Dungeon Overview and Level Annotations

Branches:
Dungeon (6/15)
 Temple: D:4-7

Altars:
Cheibriados
Fedhas
Vehumet
Yredelemnul

Shops:
D:2 !

Annotations:
D:5 ptrx2's ghost, novice MiFi


Innate Abilities, Weirdness & Mutations

You are a tree.
Your roots penetrate the ground, keeping you stationary.
You cannot be teleported.
You are immune to unholy pain and torment.
Your maximum health is greatly increased.
Your equipment is partially melded.
((You have a beak for a mouth.))
((You have claws for feet.))
Your magical nature lets you fly swiftly and evasively.


Message History

Ptrx2's ghost is almost destroyed.
You feel sick.
Ptrx2's ghost hits you but does no damage.
You completely miss ptrx2's ghost.
Ptrx2's ghost is almost destroyed.
You feel sick.
Ptrx2's ghost hits you but does no damage. x2
Unknown command.
That's the wrong kind of item! (Use * to select it.) Evoke which item? (* to show all) (? for menu, Esc to quit)
Okay, then.
Unknown command.
Aiming: Throw Flame
Press: ? - help, Shift-Dir - straight line, f/p - ptrx2's ghost
Aim: ptrx2's ghost, wielding a weapon of venom (severely damaged, 85% to hit)
The puff of flame hits ptrx2's ghost but does no damage.
Ptrx2's ghost is severely damaged.
You feel sick.
Ptrx2's ghost hits you but does no damage.
Okay, then.
Unknown command.
You feel better. Ptrx2's ghost completely misses you.
You riposte.
You barely miss ptrx2's ghost.
Ptrx2's ghost is severely damaged.
Unknown command.
Aiming: Throw Flame
Press: ? - help, Shift-Dir - straight line, f/p - ptrx2's ghost
Aim: ptrx2's ghost, wielding a weapon of venom (severely damaged, 85% to hit)
The puff of flame hits ptrx2's ghost.
Ptrx2's ghost is almost destroyed.
Ptrx2's ghost hits you!
* * * LOW HITPOINT WARNING * * *
You are poisoned.
Aiming: Throw Flame
Press: ? - help, Shift-Dir - straight line, f/p - ptrx2's ghost
Aim: ptrx2's ghost, wielding a weapon of venom (almost destroyed, 85% to hit)
The puff of flame hits ptrx2's ghost!
Ptrx2's ghost is almost destroyed.
You feel sick. Ptrx2's ghost hits you!
You die...

# #.# ###.#
#.# ## #.#
#.# #.# .#
#.# #.# #.#
.# #.# #.#
#.# .# #.#
#.# #.# ##
#.# #.# #.#
#.# #.# #.#
#.# #W# #.#
#.#
#♣#######.#
#.#
#.........#
#.#
###########
#.# #####.#
......#
#####.# .<#
### ###


You could see ptrx2's ghost.

Vanquished Creatures
  A necrophage (D:5)
  A phantom (D:4)
  A water moccasin zombie (D:4)
  2 water moccasin skeletons
  2 bullfrog zombies
  An orc priest (D:6)
  A bullfrog skeleton (D:5)
  A jelly (D:4)
  2 iguanas (D:4)
  Natasha (thrice) (D:4)
  A scorpion zombie (D:5)
  3 hound zombies
  A hound skeleton (D:4)
  A howler monkey zombie (D:4)
  5 gnolls
  5 adders
  An ufetubus (D:6)
  An adder zombie (D:4)
  An adder skeleton (D:4)
  5 worms
  4 dart slugs
  6 orcs
  4 bats
  8 endoplasms
  6 giant cockroaches
  7 goblins
  4 hobgoblins
  23 jackals
  3 quokkas
  7 ball pythons
  2 frilled lizards (D:1)
  8 kobolds
  7 rats (D:1)
128 creatures vanquished.

Vanquished Creatures (others)
  A hobgoblin (D:1)
1 creature vanquished.

Grand Total: 129 creatures vanquished

Notes
Turn   | Place    | Note
-------+----------+-------------------------------------------
     0 | D:1      | quinnr the Tengu Air Elementalist began the quest for the
                  | Orb.
     0 | D:1      | Reached XP level 1. HP: 10/10 MP: 4/4
     1 | D:1      | Found a runed translucent door.
   261 | D:1      | Reached XP level 2. HP: 15/15 MP: 4/6
   294 | D:1      | Found a faded altar of an unknown god.
   481 | D:1      | Reached skill level 5 in Air Magic
   851 | D:1      | Reached XP level 3. HP: 14/19 MP: 1/7
  1403 | D:2      | Reached skill level 6 in Air Magic
  1556 | D:1      | Reached XP level 4. HP: 13/24 MP: 0/8
  1796 | D:2      | You are sucked into a shaft and drop 1 floor!
  2223 | D:2      | Learned a level 4 spell: Airstrike
  2439 | D:1      | Reached skill level 7 in Air Magic
  2609 | D:2      | Found a blossoming altar of Fedhas.
  2674 | D:2      | Gained mutation: Your magical nature lets you fly swiftly
                  | and evasively. [Tengu growth]
  2674 | D:2      | Reached XP level 5. HP: 28/28 MP: 1/9
  2813 | D:2      | Found Ymiuxikh's Distillery.
  2821 | D:2      | Bought a potion of curing for 42 gold pieces
  3769 | D:4      | Reached skill level 8 in Air Magic
  3895 | D:4      | Noticed Natasha
  3901 | D:4      | Killed Natasha
  3902 | D:4      | Reached XP level 6. HP: 25/32 MP: 0/11
  4088 | D:4      | Found a radiant altar of Vehumet.
  4102 | D:4      | Became a worshipper of Vehumet
  4741 | D:4      | Reached skill level 9 in Air Magic
  4750 | D:4      | Reached XP level 7. HP: 36/36 MP: 0/13
  5175 | D:4      | Reached * piety under Vehumet
  5175 | D:4      | Offered knowledge of Sandblast by Vehumet.
  5300 | D:4      | Noticed Natasha
  5302 | D:4      | Killed Natasha
  5533 | D:4      | Noticed Natasha
  5535 | D:4      | Killed Natasha
  5664 | D:5      | Entered Level 5 of the Dungeon
  5739 | D:5      | Reached skill level 10 in Air Magic
  6015 | D:5      | Found a snail-covered altar of Cheibriados.
  6298 | D:5      | Found a runed translucent gate.
  6298 | D:5      | Found a runed translucent gate.
  6298 | D:5      | Found a runed translucent gate.
  6298 | D:5      | Noticed ptrx2's ghost (novice MiFi)
  6300 | D:5      | Found a basalt altar of Yredelemnul.
  6304 | D:5      | Reached XP level 8. HP: 41/41 MP: 6/15
  6865 | D:6      | Found the +10 Black Knight's barding {ponderous, rPois rN+}
  7013 | D:6      | Reached skill level 11 in Air Magic
  7304 | D:1      | Learned a level 6 spell: Conjure Ball Lightning
  7308 | D:1      | Learned a level 3 spell: Swiftness
  7762 | D:5      | Slain by ptrx2's ghost

Illustrated notes

Levels and vault maps discovered:
D:1:      dpeg_arrival_caged_fury, layout_loops_cross,
          hellmonk_ecumenical_altar_slurped_away, serial_rivers,
          chequers_serial_rivers_marsh, chequers_serial_rivers_micro_a,
          chequers_serial_rivers_small_b, chequers_serial_rivers_micro_c,
          chequers_serial_rivers_micro_a, lemuel_flame_loot_1
D:2:      layout_loops_ring, serial_shops, shop, basic_altar
D:3:      layout_basic, hex_intersection
D:4:      layout_cave_pods, vehumet_altar_wand_db, serial_undead,
          serial_undead_a, serial_undead_f, serial_undead_f, serial_undead_d,
          minmay_between, uniq_natasha
D:5:      layout_basic, kennysheep_slug_shrine, nicolae_yredelemnul_ghost_church
D:6:      layout_layer_cave, serial_shops, kennysheep_mini_moat, serial_glass,
          glass_columns_a, glass_columns_a, glass_columns_b, glass_columns_b,
          glass_columns_a, glass_columns_b, glass_columns_a, glass_columns_b,
          nicolae_lava_and_water

Skill      XL: |  1  2  3  4  5  6  7  8 |
---------------+-------------------------+-----
Air Magic      | 5 6 7 8 9 10 11 | 11.1
Spellcasting   | 3 4 |  4.0
Dodging        | |  2.1
Stealth        | |  2.0
Conjurations   | |  1.5

Action                   |  1- 3 |  4- 6 |  7- 9 || total
-------------------------+-------+-------+-------++-------
Melee: Unarmed           |     2 |       |       ||     2
       Falchion          |    14 |    14 |     5 ||    33
       Kick              |     5 |     4 |     1 ||    10
       Peck              |     5 |     1 |       ||     6
 Cast: Shock             |    56 |    83 |    43 ||   182
       Airstrike         |       |    21 |    30 ||    51
       Swiftness         |       |       |     1 ||     1
Evoke: Wand              |       |       |     8 ||     8
  Use: Potion            |     1 |       |     4 ||     5
       Scroll            |       |     4 |     2 ||     6
Armor: Robe              |     4 |     2 |     1 ||     7
       Skin              |       |       |     7 ||     7
Dodge: Dodged            |    22 |    17 |    11 ||    50
       Rpst.: Falchion   |     8 |     6 |     3 ||    17

Table legend: (Time is in decaauts)
 A = Elapsed time spent in this place.
 B = Non-inter-level travel time spent in this place.
 C = Inter-level travel time spent in this place.
 D = Time resting spent in this place.
 E = Time spent auto-exploring this place.
 F = Levels seen in this place.
 G = Mean time per level.
                   A        B        C        D        E       F      G
               +--------+--------+--------+--------+--------+-----+--------+
         Total |   7487 |   7012 |    475 |    902 |   5431 |   6 | 1247.8 |
       Dungeon |   7487 |   7012 |    475 |    902 |   5431 |   6 | 1247.8 |
               +--------+--------+--------+--------+--------+-----+--------+

Top non-repeatable levels by time:
     D:1: 1999 daAuts
     D:4: 1766 daAuts
     D:5: 1244 daAuts
     D:2: 1099 daAuts
     D:3: 1051 daAuts
     D:6: 325 daAuts
